 Dungeon Crawl Stone Soup version 0.28.0-53-g5a82cb258f (webtiles) character file.

Game seed: 6030306955256944380

630 jiml777 the Sneak (level 7, -3/37 HPs)
             Began as a Deep Elf Air Elementalist on June 15, 2022.
             Killed by divine providence
             ... invoked by an orc priest
              (12 damage)
             ... on level 5 of the Dungeon.
             The game lasted 00:30:18 (4743 turns).

jiml777 the Sneak (Deep Elf Air Elementalist)       Turns: 4743, Time: 00:30:20

Health: -3/37      AC: 11    Str: 13    XL:     7   Next: 24%
Magic:  4/14       EV: 12    Int: 22    God:
Gold:   25         SH:  0    Dex: 15    Spells: 10/13 levels left

rFire   + . .      SeeInvis .   s - +3 scythe (vamp)
rCold   . . .      Faith    .   (shield currently unavailable)
rNeg    . . .      Spirit   .   m - +2 ring mail "Woler" {rF+ Str+2}
rPois   .          Reflect  .   q - +0 helmet
rElec   .          Harm     .   f - +1 cloak {rCorr}
rCorr   +          Rampage  .   (no gloves)
Will    .....                   (no boots)
Stlth   ++........              (no amulet)
HPRegen 0.12/turn               e - ring of flight
MPRegen 0.14/turn               i - +6 ring of strength

@: flying
A: no striking features
a: no special abilities


You were on level 5 of the Dungeon.
You visited 1 branch of the dungeon, and saw 5 of its levels.

You collected 247 gold pieces.
You spent 222 gold pieces at shops.

Inventory:

Hand Weapons
 b - a +0 short sword of freezing
 s - a +3 vampiric scythe (weapon)
Missiles
 c - 22 bolts
 d - 2 boomerangs of dispersal
 g - 63 stones
 p - 49 sling bullets
 r - 6 poisoned darts
Armour
 a - a +0 robe
 f - a +1 cloak of preservation (worn)
 k - a +0 cloak
 m - the +2 ring mail "Woler" (worn) {rF+ Str+2}
   (You found it on level 3 of the Dungeon)

   Str:       It affects your strength (+2).
   rF:        It protects you from fire.
 q - a +0 helmet (worn)
Jewellery
 e - a ring of flight (left hand)
 h - a ring of poison resistance
 i - a +6 ring of strength (right hand)
 j - a ring of see invisible
Potions
 l - a potion of curing
 n - a potion of berserk rage
 o - 2 potions of attraction {unknown}


   Skills:
 + Level 0.7 Fighting
 + Level 1.6 Short Blades
 * Level 4.3 Armour
 + Level 3.8 Dodging
 + Level 4.4 Stealth
 - Level 3.7 Spellcasting
 - Level 1.5 Conjurations
 - Level 3.9 Air Magic


You had 10 spell levels left.
You knew the following spells:

 Your Spells              Type           Power      Damage    Failure   Level
a - Shock                 Conj/Air       64%        1d7       8%          1
b - Static Discharge      Conj/Air       16%        N/A       11%         2

Your spell library contained the following spells:

 Spells                   Type           Power      Damage    Failure   Level
 Swiftness                Air            21%        N/A       14%         3
 Airstrike                Air            10%        N/A       41%         4
 Conjure Flame            Conj/Fire      7%         6-21      45%         3
 Ignite Poison            Fire/Tmut/Pois 4%         N/A       56%         3
 Sticky Flame             Conj/Fire      7%         2d3       86%         4


Dungeon Overview and Level Annotations

Branches:
Dungeon (5/15)
 Temple: D:4-7

Altars:

Shops:
D:5 *


Message History

Aiming: Shock (safe; 8% risk of failure)
Press: ? - help, Shift-Dir - straight line The zap hits Sigmund.
You kill Sigmund!
The orc priest invokes the aid of Beogh against you.
Beogh smites you!
Your Armour skill increases to level 4!
You have reached level 7!
The orc wizard points at you and mumbles some strange words.
You easily resist.
Things that are here:
a +3 vampiric scythe; a +0 robe
s - a +3 vampiric scythe Your magical contamination has completely faded away.
Casting: Shock (safe; 8% risk of failure)
Confirm with . or Enter, or press ? or * to list all spells.
Okay, then.
Your +0 short sword of freezing stops glowing.
You feel a sense of dread.
s - a +3 vampiric scythe (weapon)
The orc wizard gestures wildly while chanting.
The orc wizard flickers and vanishes!
Deactivating autopickup; reactivate with Ctrl-A.
You hit something.
You feel better.
You hear some strange, mumbled words.
Something tries to affect you, but you resist.
The orc hits you with a +0 hand axe.
* * * LOW HITPOINT WARNING * * *
You slash the orc!
You kill the orc!
Something hits you but does no damage. x2
The orc priest calls down the wrath of Beogh upon you.
You struggle to resist.
You closely miss the orc priest. Something hits you but does no damage.
The orc priest hits you with a +0 hand axe.
* * * LOW HITPOINT WARNING * * *
Something hits you but does no damage.
The orc priest calls down the wrath of Beogh upon you.
Beogh smites you!
You die...

# ### #### #.. ### #.##
#.###.. #.## .. ##.....#
#... .... #... #.. #...
.....##..# #o# #...
..)......# #.# #...
.....##.@###.### #...
.......o###....#######...
.....##..##....##........
.... ##.o..........##...
.# #......######......
......####.#########.##
###### #.............
#######....... #.......


You could see an orc priest.

Vanquished Creatures
  Sigmund (D:5)
  2 ice beasts
  An iguana (D:5)
  A gnoll shaman (D:5)
  An orc wizard (D:4)
  A hound skeleton (D:4)
  A howler monkey zombie (D:5)
  4 adders
  5 gnolls (D:5)
  A howler monkey skeleton (D:5)
  A dart slug (D:1)
  13 orcs
  10 ball pythons
  6 endoplasms
  2 giant cockroaches
  5 goblins
  3 hobgoblins
  2 jackals (D:3)
  4 quokkas
  4 bats
  6 frilled lizards
  5 kobolds
  A rat (D:3)
80 creatures vanquished.

Vanquished Creatures (others)
  9 plants (D:4)
9 creatures vanquished.

Grand Total: 89 creatures vanquished

Notes
Turn   | Place    | Note
-------+----------+-------------------------------------------
     0 | D:1      | jiml777 the Deep Elf Air Elementalist began the quest for
                  | the Orb.
     0 | D:1      | Reached XP level 1. HP: 10/10 MP: 6/6
   113 | D:1      | Found a faded altar of an unknown god.
   267 | D:1      | Reached XP level 2. HP: 15/15 MP: 6/8
   909 | D:2      | Learned a level 2 spell: Static Discharge
   989 | D:2      | Reached XP level 3. HP: 19/19 MP: 5/10
  1730 | D:3      | Identified the +2 ring mail "Woler" {rF+ Str+2}
  2021 | D:3      | Noticed an ice beast
  2033 | D:3      | Killed an ice beast
  2034 | D:3      | Reached skill level 1 in Armour
  2034 | D:3      | Reached XP level 4. HP: 24/24 MP: 3/11
  2034 | D:3      | Reached XP level 5. HP: 28/28 MP: 3/12
  3526 | D:4      | Reached skill level 1 in Short Blades
  4178 | D:5      | Entered Level 5 of the Dungeon
  4221 | D:5      | Reached XP level 6. HP: 33/33 MP: 2/13
  4312 | D:5      | Found Gumpupad's CLEARANCE SALE!.
  4312 | D:5      | Noticed an ice beast
  4329 | D:5      | Killed an ice beast
  4537 | D:5      | Bought 2 boomerangs of dispersal for 18 gold pieces
  4537 | D:5      | Bought a +0 cloak of preservation for 69 gold pieces
  4537 | D:5      | Bought a ring of see invisible for 90 gold pieces
  4537 | D:5      | Bought a scroll of enchant armour for 45 gold pieces
  4717 | D:5      | Noticed Sigmund
  4733 | D:5      | Killed Sigmund
  4734 | D:5      | Reached XP level 7. HP: 14/37 MP: 3/14
  4743 | D:5      | Killed from afar by an orc priest

Illustrated notes

Levels and vault maps discovered:
D:1:      lemuel_arrival_cross, layout_loops_cross,
          shapermc_ecumenical_altar_pompeii
D:2:      layout_loops_ring
D:3:      layout_basic, chequers_serial_rivers_small_a
D:4:      layout_rooms, minmay_misc_feat_tiny, kennysheep_big_empty_room,
          serial_bayou_pond_c
D:5:      layout_rooms, nicolae_shop_clearance, uniq_menkaure,
          uniq_crazy_yiuf_cottage, uniq_sigmund, uniq_prince_ribbit1

Skill      XL: |  1  2  3  4  5  6 |
---------------+-------------------+-----
Armour         | 1 2 4 |  4.3
Dodging        | 3 |  3.8
Stealth        | 3 4 |  4.4
Short Blades   | 1 |  1.6
Fighting       | |  0.7
Spellcasting   | |  3.7
Conjurations   | |  1.5
Air Magic      | |  3.9

Action                   |  1- 3 |  4- 6 |  7- 9 || total
-------------------------+-------+-------+-------++-------
Melee: Short sword       |    16 |    19 |       ||    35
       Scythe            |       |       |     3 ||     3
 Cast: Shock             |    71 |   104 |       ||   175
  Use: Scroll            |       |    10 |       ||    10
       Potion            |       |     1 |       ||     1
 Stab: Sleeping          |       |     1 |       ||     1
Armor: Robe              |     3 |       |       ||     3
       Ring mail         |     3 |    15 |     4 ||    22
Dodge: Dodged            |    24 |    29 |       ||    53
